Map: Terraform LE (Void)

Players

Marley - Winner!

  • Race: Protoss Protoss
  • League: Diamond

Orzo

  • Race: Protoss Protoss
  • League: Diamond

VOD

Have the link to the VOD?

Description

Time

  • Played on: Oct. 2, 2015, 10:43 p.m.
  • Length: 5:06
Show
View Real Time Build Order
Export as new Build Order

Marley Protoss - Winner!

Build Orders:  

Get SALT Encoding   

  12  0:01  Probe (Chrono Boost)  
  13  0:11  Probe (Chrono Boost)  
  14  0:19  Pylon  
  14  0:22  Probe (Chrono Boost)  
  15  0:37  Probe (Chrono Boost)  
  15  0:40  Gateway  
  16  0:47  Assimilator  
  16  0:48  Probe (Chrono Boost)  
  17  1:00  Probe (Chrono Boost)  
  18  1:05  Pylon  
  18  1:11  Probe (Chrono Boost)  
  19  1:17  Assimilator  
  19  1:21  Probe (Chrono Boost)  
  20  1:31  Cybernetics Core  
  20  1:32  Probe (Chrono Boost)  
  21  1:42  Probe (Chrono Boost)  
  21  1:45  Pylon  
  22  1:53  Probe (Chrono Boost)  
  23  2:03  Probe (Chrono Boost)  
  23  2:07  Warp Gate (Chrono Boost)  
  24  2:08  Robotics Facility  
  24  2:15  Adept  
  28  2:30  Mothership Core  
  28  2:33  Pylon  
  27  2:43  Gateway  
  27  2:56  Immortal (Chrono Boost)  
  31  3:06  Gateway  
  31  3:31  Immortal (Chrono Boost)  
  35  3:54  Pylon  
  33  4:05  Stalker x2, Warp Prism (Chrono Boost)  
  33  4:08  Stalker  
  41  4:29  Stalker x2  
  45  4:33  Stalker  
  45  4:36  Observer (Chrono Boost)  
  48  4:52  Stalker x2  
  53  5:03  Stalker  
Show
View Real Time Build Order
Export as new Build Order

Orzo Protoss 

Build Orders: 1 Gate Expand 

Get SALT Encoding   

  12  0:01  Probe (Chrono Boost)  
  13  0:11  Probe (Chrono Boost)  
  14  0:17  Pylon  
  14  0:22  Probe (Chrono Boost)  
  15  0:36  Probe (Chrono Boost)  
  15  0:37  Gateway  
  16  0:46  Probe (Chrono Boost), Assimilator  
  18  0:57  Probe (Chrono Boost)  
  18  1:07  Probe (Chrono Boost)  
  19  1:18  Probe (Chrono Boost)  
  20  1:24  Cybernetics Core  
  20  1:28  Probe (Chrono Boost)  
  21  1:37  Nexus  
  21  1:40  Probe (Chrono Boost)  
  21  1:44  Assimilator  
  22  1:52  Pylon  
  22  1:54  Probe (Chrono Boost)  
  23  2:10  Mothership Core (Chrono Boost)  
  23  2:11  Stalker  
  27  2:26  Warp Gate (Chrono Boost)  
  27  2:27  Gateway  
  27  2:36  Probe  
  28  2:43  Stalker  
  30  2:46  Pylon  
  30  2:52  Probe  
  31  3:05  Robotics Facility  
  31  3:08  Probe  
  32  3:13  Stalker  
  32  3:14  Probe  
  34  3:20  Probe  
  34  3:25  Probe  
  35  3:32  Probe  
  36  3:36  Probe  
  35  3:44  Probe  
  35  3:46  Probe  
  36  3:54  Observer (Chrono Boost)  
  37  3:57  Probe x2  
  39  4:04  Pylon  
  39  4:07  Probe  
  39  4:09  Probe  
  41  4:15  Stalker x2  
  45  4:21  Probe  
  45  4:22  Probe  
  47  4:24  Robotics Bay  
  51  4:43  Gateway  
Tags
 
Add a new tag
Caveats
  • Supply blocks, unpowered buildings, or Contaminate may cause inaccurate times.
  • Supply counts are checked every 10 seconds.